AoeStats
← 奶奶

Black Forest

510300667Analyzed
2v2 RM · 1d ago on Sep 30, 2026· 57m 45s· 4 players
Game mode
Random Map
Map size
Medium (4 player)
Population
200
Speed
Normal
Resources
Standard
Victory
Conquest
Starting age
Dark Age
Ending age
Imperial Age
RankedLock teamsTeams togetherTeam positionsShared explorationLock speedFull tech treeHidden civsTurbo modeCheats
Victory
Defeat
🇲🇽 Turks · Mexico
1027
+18
🇪🇸 Persians · Spain
977
+20
🇨🇳 Mongols · China
1218
-25
🇨🇳 Franks · China
921
-37
Orsai.exe
0:37 Loom
12:40 Feudal Age
13:13 Double-Bit Axe
19:01 Castle Age
20:37 Bow Saw
22:23 Gold Mining
22:31 Horse Collar
24:10 Heavy Plow
26:04 Wheelbarrow
32:07 Imperial Age
30:25 Hand Cart
31:18 Fletching
32:06 Thumb Ring
34:04 Guilds
35:13 Padded Archer Armor
35:25 Bloodlines
38:02 Ballistics
38:12 Conscription
38:07 Bodkin Arrow
38:32 Leather Archer Armor
39:10 Bracer
39:16 Scale Barding Armor
40:23 Hoardings
41:04 Elite Janissary
42:18 Ring Archer Armor
42:09 Chain Barding Armor
44:35 Husbandry
47:04 Plate Barding Armor
46:27 Heavy Camel Rider
48:36 Forging
48:56 Capped Ram
52:47 Iron Casting
52:42 Sipahi
54:51 Blast Furnace
53:59 Caravan
Lokillomon
10:03 Feudal Age
11:23 Wheelbarrow
10:36 Double-Bit Axe
10:33 Horse Collar
11:39 Man-at-Arms
18:03 Forging
17:54 Scale Mail Armor
21:26 Castle Age
19:43 Town Watch
22:10 Hand Cart
22:37 Heavy Plow
22:55 Bow Saw
22:20 Long Swordsman
23:33 Heavy Plow
26:16 Pikeman
38:59 Iron Casting
38:39 Chain Mail Armor
45:02 Imperial Age
45:40 Chain Mail Armor
46:12 Crop Rotation
47:33 Two-Man Saw
46:53 Fletching
47:04 Padded Archer Armor
49:49 Kamandaran
51:03 Halberdier
52:16 Crossbowman
54:06 Capped Ram
57:16 Caravan
57:46 Coinage
Donald J. Trump
2:35 Loom
12:47 Feudal Age
13:36 Double-Bit Axe
13:50 Horse Collar
16:30 Castle Age
17:14 Heavy Plow
17:28 Bow Saw
18:00 Wheelbarrow
19:47 Town Watch
20:20 Hand Cart
20:55 Scale Barding Armor
23:06 Bloodlines
22:56 Husbandry
23:11 Forging
23:21 Gold Mining
32:20 Gold Shaft Mining
36:51 Imperial Age
34:19 Stone Mining
34:16 Light Cavalry
39:32 Conscription
40:00 Chain Barding Armor
40:06 Elite Steppe Lancer
40:13 Capped Ram
41:50 Iron Casting
46:06 Stone Shaft Mining
48:12 Blast Furnace
47:54 Town Patrol
48:11 Siege Ram
48:54 Padded Archer Armor
48:45 Fletching
49:17 Ballistics
49:57 Chemistry
49:23 Drill
51:50 Elite Mangudai
52:28 Bodkin Arrow
52:49 Leather Archer Armor
52:28 Onager
54:24 Siege Onager
56:07 Hussar
奶奶
10:03 Feudal Age
Connection lost

Rejoining the realm…

Still unreachable

The connection could not be restored.

Session expired

The server has moved on; the page needs a fresh start.